 Dungeon Crawl Stone Soup version 0.24.0-123-gd5b16e6ec5 (webtiles) character file.

Game seed: 17234457515842734863, levelgen mode: deterministic

41 Descartes the Magician (level 3, 0/16 HPs)
             Began as a Spriggan Wizard on Jan 16, 2020.
             Slain by a goblin
             ... wielding a +0 club
              (6 damage)
             ... on level 2 of the Dungeon.
             The game lasted 00:03:46 (1881 turns).

Descartes the Magician (Spriggan Wizard)            Turns: 1881, Time: 00:03:46

Health: 0/16       AC:  2    Str:  4    XL:     3   Next: 32%
Magic:  0/10       EV: 18    Int: 19    God:
Gold:   49         SH:  0    Dex: 14    Spells: 10/11 levels left

rFire    + . .     SeeInvis +   n - +0 rapier
rCold    + . .     Gourm    .   (shield restricted)
rNeg     . . .     Faith    .   a - +0 robe
rPois    .         Spirit   .   b - +0 hat
rElec    .         Reflect  .   k - scarf {rC+ rF+}
rCorr    .         Harm     .   (gloves unavailable)
MR       .....                  (boots unavailable)
Stlth    +++.......             (no amulet)
HPRegen  0.05/turn              (no ring)
MPRegen  0.12/turn              (no ring)

@: very quick
A: very small, unfitting armour, see invisible, herbivore, speed 3, slow
metabolism 2
a: no special abilities


You were on level 2 of the Dungeon.
You were not hungry.

You visited 1 branch of the dungeon, and saw 2 of its levels.

You collected 49 gold pieces.

Inventory:

Hand Weapons
 j - a +0 dagger
 n - a +0 rapier (weapon)
Missiles
 f - 41 arrows
 g - a throwing net (quivered)
 i - 38 stones
 l - 6 boomerangs
 p - 19 bolts
Armour
 a - a +0 robe (worn)
 b - a +0 hat (worn)
 k - a scarf of resistance (worn)
Scrolls
 c - 2 scrolls of enchant weapon {unknown}
 o - a scroll of identify {unknown}
 q - a scroll of fear {unknown}
Potions
 e - a potion of magic {unknown}
 h - a potion of mutation {unknown}
 m - 2 potions of curing {unknown}
Comestibles
 d - 2 rations


   Skills:
 + Level 3.8 Dodging
 + Level 3.8 Stealth
 + Level 4.5 Spellcasting
 + Level 1.2 Conjurations
   Level 0.7 Summonings
   Level 1.5 Translocations


You had 10 spell levels left.
You knew the following spells:

 Your Spells              Type           Power        Failure   Level  Hunger
a - Magic Dart            Conj           #...         8%          1    None

Your spell library contained the following spells:

 Spells                   Type           Power        Failure   Level  Hunger
 Blink                    Tloc           N/A          11%         2    #......
 Call Imp                 Summ           #.......     14%         2    #......
 Slow                     Hex            #.......     21%         2    #......
 Conjure Flame            Conj/Fire      #.......     30%         3    ###....
 Mephitic Cloud           Conj/Pois/Air  #.......     32%         3    ###....


Dungeon Overview and Level Annotations

Branches:
Dungeon (2/15)

Altars:


Innate Abilities, Weirdness & Mutations

You are very small and have problems with some larger weapons.
You are too small for most types of armour.
You have supernaturally acute eyesight. (SInv)
You are a herbivore.
You cover ground extremely quickly.
You need to consume almost no food.


Message History

The goblin is almost dead.
The goblin shoots a stone.
The stone barely misses you.
Casting: Magic Dart (safe; 8% risk of failure)
Confirm with . or Enter, or press ? or * to list all spells.
You don't have enough magic to cast that spell.
Unknown command.
The goblin shoots a stone.
The stone hits you but does no damage.
You see here a stone.
Things that are here:
a +0 whip; a kobold corpse The goblin shoots a stone.
The stone hits you.
You see here a stone.
You are too injured to fight recklessly!
You are too injured to fight recklessly!
Unknown command.
You closely miss the goblin.
The goblin is severely wounded.
The goblin unwields a +0 hunting sling.
The goblin wields a +0 club.
The goblin hits you with a +0 club.
You die...

?#...## ##........#####...#
..##!.# ##.......<## ##.###
8..#..# #..........# #..###
.(##.%# #..........# ###..<
(#w#..# ######..........# ##....
##..w.###...............# #.....
..........####.....>....####.....
#$........#####..................
..........((w..g@()(.((...###....
#........(####..........### #....
########### #..........# #####
#..........# #..........#
##........## ##......## ########


You could see a worm and a goblin.

Vanquished Creatures
  A gnoll (D:2)
  3 giant cockroaches
  4 goblins
  6 jackals
  A quokka (D:1)
  6 bats
  3 frilled lizards
  2 kobolds
  4 rats
30 creatures vanquished.

Notes
Turn   | Place    | Note
-------+----------+-------------------------------------------
     0 | D:1      | Descartes the Spriggan Wizard began the quest for the Orb.
     0 | D:1      | Reached XP level 1. HP: 9/9 MP: 6/6
   421 | D:1      | Reached XP level 2. HP: 13/13 MP: 4/8
   444 | D:1      | Reached skill level 1 in Conjurations
  1761 | D:2      | Reached XP level 3. HP: 16/16 MP: 7/9
  1881 | D:2      | Slain by a goblin

Levels and vault maps discovered:
D:1:      dpeg_arrival_round_c, layout_basic, chequers_serial_rivers_large_a
D:2:      layout_rooms, minmay_hexomino_f4

Skill      XL: |  1  2 |
---------------+-------+-----
Conjurations   | 1 |  1.2
Dodging        | |  3.8
Stealth        | |  3.8
Spellcasting   | |  4.5
Summonings     | |  0.7
Translocations | |  1.5

Action                   || total
-------------------------++-------
Melee: Dagger            ||     7
       Rapier            ||     7
 Cast: Magic Dart        ||    79
 Stab: Sleeping          ||     1
Armor: Robe              ||     3
Dodge: Dodged            ||    36
